 Dungeon Crawl Stone Soup version 0.26-b1-32-g5d43845318 (webtiles) character file.

Game seed: 8269795327034677723

283 kubb1977 the Chopper (level 6, -2/56 HPs)
             Began as a Minotaur Berserker on Jan 5, 2021.
             Was a Believer of Trog.
             Killed from afar by Ijyb (23 damage)
             ... with a bolt of acid
             ... on level 3 of the Dungeon.
             The game lasted 00:15:04 (2216 turns).

kubb1977 the Chopper (Minotaur Berserker)           Turns: 2216, Time: 00:15:04

Health: -2/56      AC:  6    Str: 24    XL:     6   Next: 7%
Magic:  5/5        EV:  9    Int:  4    God:    Trog [**....]
Gold:   98         SH:  0    Dex:  9    Spells: 5/5 levels left

rFire    . . .     SeeInvis .   a - +0 hand axe
rCold    . . .     Faith    .   (no shield)
rNeg     . . .     Spirit   .   l - +0 chain mail
rPois    .         Reflect  .   (helmet restricted)
rElec    .         Harm     .   (no cloak)
rCorr    .         Rampage  .   j - +0 pair of gloves (curse)
Will     .....                  (no boots)
Stlth    ..........             (no amulet)
HPRegen  0.18/turn              (no ring)
MPRegen  0.09/turn              (no ring)

@: corroded
A: retaliatory headbutt, horns 2
a: Renounce Religion, Berserk, Trog's Hand


You were on level 3 of the Dungeon.
You worshipped Trog.
Trog was pleased with you.
You visited 1 branch of the dungeon, and saw 3 of its levels.

You collected 98 gold pieces.

Inventory:

Hand Weapons
 a - a +0 hand axe (weapon)
 g - a +0 hand axe
 m - a +0 dagger
 t - a +0 hunting sling
 v - a +0 dagger
Missiles
 i - 15 sling bullets
Armour
 b - a +0 animal skin
 f - a +0 ring mail
 j - a cursed +0 pair of gloves (worn)
 l - a +0 chain mail (worn)
 p - a +0 barding
 q - a +0 ring mail
 w - a +0 leather armour
Scrolls
 c - a scroll of fear {unknown}
 d - a scroll of noise {unknown}
 h - 5 scrolls of identify {unknown}
 o - 2 scrolls of random uselessness {unknown}
 s - a scroll of blinking {unknown}
 u - 2 scrolls of amnesia {unknown}
 x - 2 scrolls of enchant weapon {unknown}
Potions
 e - 7 potions of curing {unknown}
 k - a potion of mutation {unknown}
 n - a potion of invisibility
 r - a potion of ambrosia {unknown}


   Skills:
 + Level 5.2 Fighting
 + Level 6.1 Axes
 + Level 3.9 Armour
 + Level 3.1 Dodging


You had 5 spell levels left.
You didn't know any spells.
Your spell library was empty.

Dungeon Overview and Level Annotations

Branches:
Dungeon (3/15)

Altars:
Dithmenos
Fedhas
Hepliaklqana

Portals:
Sewer: D:3

Annotations:
D:3 Ijyb


Innate Abilities, Weirdness & Mutations

You reflexively headbutt those who attack you in melee.
You have a pair of horns on your head.


Message History

Trog accepts your kill.
Ijyb the Twisted Goblin comes into view.
She is carrying a wand of acid (10).
The orc hits you with a +0 dagger.
Ijyb shouts!
You hit the orc but do no damage.
The orc is almost dead.
Ijyb zaps a wand.
The bolt of acid hits the orc!
The orc is splashed with acid.
The orc dies!
The bolt of acid hits you!! The acid corrodes you!
You are splashed with acid!
Things that are here:
a +0 dagger; a +0 ring mail Ijyb hits you but does no damage.
You are too injured to fight recklessly!
You closely miss Ijyb. Your headbutt misses Ijyb.
Ijyb hits you but does no damage.
You are too injured to fight recklessly!
You are too injured to fight recklessly!
You are too injured to fight recklessly!
Ijyb zaps a wand.
The bolt of acid hits you!!
You die...

### # #.... #.#.# #.#.#
.. ###)#.### ... #.#
#.......#.. ..##.# #
#@....... ....
#.#.g......
###..####.#)#######
#..................
#.#########.#######
####.#.......#)#########
#....#.......#()........
#.##.#.##.##.#.#########
#.#..#.##.##.#.#######


You could see Ijyb.

Vanquished Creatures
  The ghost of dracos369 the Caller, an amateur DsWz (D:3)
  7 adders
  3 worms
  2 dart slugs
  3 leopard geckos
  6 orcs (D:3)
  2 bats
  2 giant cockroaches
  9 goblins
  6 hobgoblins
  9 jackals
  A ball python (D:2)
  5 frilled lizards
  4 kobolds
  5 rats
65 creatures vanquished.

Vanquished Creatures (others)
  An orc (D:3)
1 creature vanquished.

Grand Total: 66 creatures vanquished

Notes
Turn   | Place    | Note
-------+----------+-------------------------------------------
     0 | D:1      | kubb1977 the Minotaur Berserker began the quest for the
                  | Orb.
     0 | D:1      | Reached XP level 1. HP: 19/19 MP: 0/0
   825 | D:2      | Reached XP level 2. HP: 27/27 MP: 1/1
   882 | D:2      | Reached skill level 4 in Axes
  1103 | D:2      | Reached XP level 3. HP: 34/34 MP: 2/2
  1153 | D:2      | Reached ** piety under Trog
  1259 | D:2      | Reached XP level 4. HP: 32/41 MP: 3/3
  1759 | D:3      | Reached skill level 5 in Axes
  1792 | D:3      | Found a shadowy altar of Dithmenos.
  1792 | D:3      | Found a blossoming altar of Fedhas.
  1794 | D:3      | Found a hazy altar of Hepliaklqana.
  1959 | D:3      | Found a runed translucent gate.
  1960 | D:3      | Found a runed translucent gate.
  1960 | D:3      | Found a runed translucent gate.
  1969 | D:3      | Noticed dracos369's ghost (amateur DsWz)
  1994 | D:3      | Found a glowing drain.
  2058 | D:3      | Reached XP level 5. HP: 47/47 MP: 4/4
  2116 | D:3      | Killed dracos369's ghost
  2117 | D:3      | Reached skill level 5 in Fighting
  2117 | D:3      | Reached skill level 6 in Axes
  2117 | D:3      | Reached XP level 6. HP: 47/56 MP: 5/5
  2211 | D:3      | Noticed Ijyb
  2216 | D:3      | Killed from afar by Ijyb

Illustrated notes

Levels and vault maps discovered:
D:1:      minmay_arrival_hallway, layout_rooms
D:2:      layout_basic, chequers_serial_rivers_room_a
D:3:      layout_loops_ring, nicolae_overflow_hidden_temple, zin_treasury,
          grunt_temple_overflow_open, portal_sewer_entry_f,
          gammafunk_ghost_split, uniq_ijyb

Skill      XL: |  1  2  3  4  5 |
---------------+----------------+-----
Fighting       | 4 5 |  5.2
Axes           | 4 5 6 |  6.1
Armour         | 3 |  3.9
Dodging        | 3 |  3.1

Action                   |  1- 3 |  4- 6 || total
-------------------------+-------+-------++-------
Melee: Hand axe          |    57 |    96 ||   153
       Headbutt          |     9 |    10 ||    19
Armor: Ring mail         |     8 |       ||     8
       Chain mail        |    26 |    58 ||    84
Dodge: Dodged            |    28 |    35 ||    63
